 Dungeon Crawl Stone Soup version 0.18.1-48-g4cf74bf (webtiles) character file.

125 Krapald the Ducker (level 4, -1/44 HPs)
             Began as a Troll Fighter on July 16, 2016.
             Was an Initiate of Qazlal.
             Killed by divine providence
             ... invoked by an orc priest
              (15 damage)
             ... on level 4 of the Dungeon.
             The game lasted 00:13:38 (2363 turns).

Krapald the Ducker (Troll Fighter)                  Turns: 2363, Time: 00:13:39

Health: -1/44      AC:  5    Str: 25    XL:     4   Next: 82%
Magic:  3/3        EV:  8    Int:  4    God:    Qazlal [......]
Gold:   187        SH:  9    Dex:  9    Spells: 0 memorised, 3 levels left

rFire  . . .     SeeInvis .     v - +0 mace
rCold  . . .     Gourm    +     a - +0 robe
rNeg   . . .     Faith    .     b - +0 shield
rPois  .         Spirit   .     (helmet restricted)
rElec  .         Dismiss  .     (no cloak)
rCorr  .         Reflect  .     (gloves unavailable)
SustAt .         Harm     .     (boots unavailable)
MR     .....                    (no amulet)
Stlth  +.........               (no ring)
                                (no ring)

@: not resistant to hostile enchantments, very unstealthy
A: unfitting armour, claws 3, fast metabolism 3, gourmand, regeneration 2,
shaggy fur 1, tough skin 2
a: Renounce Religion


You were on level 4 of the Dungeon.
You worshipped Qazlal.
Qazlal was noncommittal.
You were not hungry.

You visited 1 branch of the dungeon, and saw 4 of its levels.

You collected 187 gold pieces.

Inventory:

Hand Weapons
 l - a +1 whip of freezing
 p - a +1 dagger of electrocution
 q - a +0 dagger
 u - a +0 dagger
 v - a +0 mace (weapon)
 x - a +0 spear
Missiles
 e - 193 stones (quivered)
 s - 19 arrows
 w - 24 poisoned needles
Armour
 a - a +0 robe (worn)
 b - a +0 shield (worn)
 g - a +0 robe
Wands
 f - a wand of random effects (20/48)
Scrolls
 h - 2 scrolls of identify {unknown}
 k - 2 scrolls of immolation {unknown}
 m - 2 scrolls of recharging {unknown}
 o - 2 scrolls of remove curse {unknown}
 y - a scroll of random uselessness {unknown}
Potions
 c - 2 potions of might
 j - 2 potions of agility {unknown}
 n - a potion of curing {unknown}
 r - a potion of degeneration {unknown}
 t - a potion of magic {unknown}
 z - a potion of cancellation {unknown}
Comestibles
 d - 6 bread rations
 i - 2 beef jerkies


   Skills:
 + Level 2.9 Fighting
 + Level 0.8 Maces & Flails
 + Level 3.6 Dodging
 + Level 0.1 Stealth
 + Level 3.0 Shields
 + Level 2.1 Unarmed Combat


You had 3 spell levels left.
You didn't know any spells.

Dungeon Overview and Level Annotations

Branches:
Dungeon (4/15)
 Temple: D:4-7

Altars:
Qazlal


Innate Abilities, Weirdness & Mutations

You are too large for most types of armour.
You have claws for hands.
Your metabolism is lightning-fast.
You like to eat raw meat.
You heal very quickly.
You are covered in fur (AC +1).
You have very tough skin (AC +2).


Message History

The orc priest hits you but does no damage.
The orc priest closely misses you.
You barely miss the orc priest.
The orc priest is almost dead.
You block the orc priest's attack.
You barely miss the orc priest.
The orc priest is almost dead.
The orc priest hits you but does no damage.
You hit the orc priest but do no damage.
The orc priest is almost dead.
You block the orc priest's attack. The orc priest hits you with a club.
* * * LOW HITPOINT WARNING * * *
You barely miss the orc priest.
The orc priest is almost dead.
The orc priest hits you but does no damage.
You hit the orc priest but do no damage.
The orc priest is almost dead.
The orc priest mumbles some strange prayers to Beogh against you.
Beogh smites you!
You die...

.##.# ..#.#########
#...........#
##.......#..#
#..#####....#
..#......#..#
###.###..#..###
.#....#....########
.#.#######...@o.<.#
.#....#....######.#
.####.#..###
#.#..#####
#..........
........########
#.#######


You could see an orc priest.

Vanquished Creatures
  An orc priest (D:4)
  An iguana (D:4)
  An adder (D:3)
  An ooze (D:2)
  2 worms (D:2)
  A dart slug (D:1)
  An orc (D:4)
  4 giant cockroaches
  4 goblins
  7 hobgoblins (D:1)
  3 jackals (D:1)
  3 kobolds
  A quokka (D:3)
  9 bats
  A giant gecko skeleton (D:4)
  2 giant newts
  7 rats
49 creatures vanquished.

Notes
Turn   | Place    | Note
--------------------------------------------------------------
     0 | D:1      | Krapald the Troll Fighter began the quest for the Orb.
     0 | D:1      | Reached XP level 1. HP: 22/22 MP: 0/0
   115 | D:1      | Reached XP level 2. HP: 25/29 MP: 1/1
   719 | D:1      | Reached XP level 3. HP: 36/36 MP: 2/2
  1709 | D:3      | Found a stormy altar of Qazlal.
  1724 | D:3      | Became a worshipper of Qazlal Stormbringer
  2084 | D:3      | Reached XP level 4. HP: 44/44 MP: 3/3
  2363 | D:4      | Killed from afar by an orc priest

Skill      XL: |  1  2  3  4 |
---------------+-------------+-----
Dodging        | 3 |  3.6
Shields        | 3 |  3.0
Fighting       | |  2.9
Maces & Flails | |  0.8
Stealth        | |  0.1
Unarmed Combat | |  2.1

Action                   |  1- 3 |  4- 6 || total
-------------------------+-------+-------++-------
Melee: Unarmed           |    84 |       ||    84
       Whip              |    65 |       ||    65
       Mace              |       |    44 ||    44
 Stab: Sleeping          |     1 |       ||     1
  Eat: Chunk             |    13 |     1 ||    14
       Beef jerky        |     1 |       ||     1
       Meat ration       |       |     1 ||     1
Armor: Robe              |    42 |    10 ||    52
Dodge: Dodged            |    47 |     7 ||    54
Block: Shield            |    82 |    15 ||    97
